 Seeded DCSS version 0.32-a0-960-g3814254bd7 (webtiles) character file.

Game seed: 202404173 (custom seed)

7764 Orlauf the Cleaver (level 11, -2/90 HPs)
             Began as a Demonspawn Gladiator on Apr 17, 2024.
             Slain by a hellwing (6 damage)
             ... on level 10 of the Dungeon.
             The game lasted 00:11:40 (8773 turns).

Orlauf the Cleaver (Demonspawn Gladiator)           Turns: 8773, Time: 00:11:41

Health: -2/90      AC: 20    Str: 18    XL:     11   Next: 1%
Magic:  11/11      EV:  6    Int:  8    God:
Gold:   571        SH:  5    Dex: 16    Spells: 10/10 levels left

rFire   . . .        a - +1 war axe
rCold   . . .        (no shield)
rNeg    . . .        j - +0 plate armour
rPois   .            c - +1 helmet
rElec   .            D - +0 cloak
rCorr   .            (no gloves)
SInv    .            f - +2 pair of boots
Will    +....        r - amulet of reflection Stlth
                     m - +4 ring of protection
HPRegen 0.35/turn    H - ring of willpower
MPRegen 0.12/turn

%: reflection
@: lethally poisoned (-2 -> -5), spiked, studying Shields
A: sturdy frame 1, demonic magic 3, demonic touch 1
a: no special abilities


You were on level 10 of the Dungeon.
You visited 2 branches of the dungeon, and saw 11 of its levels.
You also visited: Bailey.

You collected 571 gold pieces.

Inventory:

Hand Weapons
 a - a +1 war axe (weapon)
 b - a +2 hand axe of flaming
 o - a +4 triple sword of electrocution
 u - a +1 heavy war axe
 z - a +1 flail of protection
Missiles
 d - 3 throwing nets (quivered)
 e - a javelin
 h - 10 poisoned darts
 p - 10 curare-tipped darts
Armour
 c - a +1 helmet (worn)
 f - a +2 pair of boots (worn)
 j - a +0 plate armour (worn)
 D - a +0 cloak (worn)
Jewellery
 m - a +4 ring of protection (left hand)
 r - an amulet of reflection (around neck)
 v - a +6 ring of intelligence
 H - a ring of willpower (right hand)
Wands
 B - a wand of digging (8)
 E - a wand of paralysis (18)
Scrolls
 i - 2 scrolls of fog
 k - a scroll of amnesia
 l - 5 scrolls of enchant weapon
 y - 3 scrolls of teleportation
 C - a scroll of fear
Potions
 g - 3 potions of might
 q - a potion of haste
 s - a potion of curing
 t - 2 potions of enlightenment {unknown}
 w - a potion of brilliance
 x - a potion of mutation {unknown}
 A - a potion of cancellation {unknown}
 F - a potion of berserk rage
 G - a potion of ambrosia
 I - a potion of attraction {unknown}


   Skills:
 + Level 9.7 Fighting
 * Level 12.4 Axes
 - Level 1.7 Throwing
 - Level 2.6 Dodging
 + Level 4.9 Evocations


You had 10 spell levels left.
You didn't know any spells.
Your spell library contained the following spells:

 Spells                   Type           Power      Damage    Failure   Level
 Necrotise                Necr           0%         1d4       100%        1
 Call Imp                 Summ           0%         N/A       100%        2
 Ensorcelled Hibernation  Hex/Ice        0%         N/A       100%        2
 Sublimation of Blood     Necr           0%         N/A       100%        2
 Dazzling Flash           Conj/Hex       0%         N/A       100%        3
 Fugue of the Fallen      Necr           0%         N/A       100%        3
 Hailstorm                Conj/Ice       0%         3d5       100%        3
 Inner Flame              Hex/Fire       0%         N/A       100%        3
 Mephitic Cloud           Conj/Alch/Air  0%         N/A       100%        3
 Summon Ice Beast         Ice/Summ       0%         N/A       100%        3
 Vampiric Draining        Necr           0%         2d6       100%        3
 Anguish                  Hex/Necr       0%         N/A       100%        4
 Martyr's Knell           Necr/Summ      0%         N/A       100%        4
 Curse of Agony           Necr           0%         N/A       100%        5
 Irradiate                Conj/Alch      0%         3d11      100%        5
 Silence                  Hex/Air        0%         N/A       100%        5
 Summon Forest            Summ/Tloc      0%         N/A       100%        5
 Permafrost Eruption      Ice/Erth       0%         2x4d1     100%        6
 Sculpt Simulacrum        Ice/Alch       0%         N/A       100%        6
 Malign Gateway           Summ/Tloc      0%         N/A       100%        7
 Summon Hydra             Summ           0%         N/A       100%        7
 Ignition                 Fire           0%         3d3       100%        8


Dungeon Overview and Level Annotations

Branches:
Dungeon (10/15)            Temple (1/1) D:6            Lair (0/5) D:8
 Bailey (visited)
    Orc: D:9-12

Altars:
Ashenzari
Cheibriados
Dithmenos
Fedhas
Gozag
Hepliaklqana
Kikubaaqudgha
Makhleb
Nemelex Xobeh
Okawaru
Qazlal
Ru
Sif Muna
Trog
Uskayaw
Vehumet
Wu Jian
Xom

Shops:
D:5 :

Annotations:
D:7 Maggie


Innate Abilities, Weirdness & Mutations

Your movements are slightly less encumbered by armour. (ER -2)
Spells you cast and wands you use may paralyse nearby enemies.
Your touch may inflict minor irresistible damage on your foes.


Message History

You barely miss the hellwing.
The hellwing is moderately wounded.
You feel very sick. The hellwing closely misses you.
The hellwing hits you but does no damage.
The red devil hits you from afar with a +4 demon trident of venom.
More barbed spikes become lodged in your body.
You hit the hellwing.
The hellwing is heavily wounded.
You feel sick.
The red devil hits you from afar with a +4 demon trident of venom!
More barbed spikes become lodged in your body.
You are more poisoned.
The hellwing hits you but does no damage.
The hellwing hits you.
You barely miss the hellwing.
You touch the hellwing!
The hellwing is severely wounded.
You feel very sick. The hellwing hits you. The hellwing hits you!
The red devil hits you from afar with a +4 demon trident of venom!
* * * LOW HITPOINT WARNING * * *
More barbed spikes become lodged in your body.
You feel better.
The red devil hits you from afar with a +4 demon trident of venom!
* * * LOW HITPOINT WARNING * * *
More barbed spikes become lodged in your body.
You are poisoned.
The hellwing hits you but does no damage. x2
Aiming: Paralyse
Press: ? - help, Shift-Dir - straight line, f - red devil
Aim: a red devil, wielding a +4 demon trident of venom (chance to affect: 27%)
The red devil easily resists.
Malevolent energies surge around you.
The red devil suddenly stops moving!
You feel sick. The hellwing hits you.
* * * LOW HITPOINT WARNING * * *
The hellwing hits you but does no damage.
You hit the hellwing but do no damage.
You touch the hellwing.
The hellwing is severely wounded.
* * * LOW HITPOINT WARNING * * *
You feel sick. The hellwing hits you.
You die...

#...#
#...####
#......#
#......#
#......#
#.....#
#..†..#
#4@...#
♣........#
.....4.....#
...........#
.......#####
.......
.......
.......


You could see a hellwing and a red devil (paralysed).

Vanquished Creatures
  An orc knight (Bailey)
  Jeremiah (D:6)
  A rime drake (D:8)
  Grinder (D:6)
  A hornet (D:8)
  10 yaks
  Eustachio (D:5)
  Menkaure (D:6)
  An acid dragon (D:9)
  A water moccasin (D:8)
  Duvessa (D:5)
  9 orc warriors (Bailey)
  6 ice beasts
  2 black bears
  4 wolves (D:8)
  3 ogres
  A centaur (D:6)
  Blork the orc (D:6)
  2 gnoll sergeants
  5 bullfrogs
  2 scorpions
  Dowan (D:5)
  8 killer bees
  3 howler monkeys
  A gnoll bouda (D:7)
  6 jellies
  5 orc priests
  3 bombardier beetles
  3 hounds
  5 iguanas
  2 orc wizards
  16 gnolls
  4 adders
  A shadow imp (D:7)
  3 white imps
  2 ufetubi (D:5)
  40 orcs
  7 ball pythons
  5 bats
  6 endoplasms
  2 giant cockroaches
  13 goblins
  11 hobgoblins
  10 kobolds
  5 quokkas
  4 frilled lizards (D:1)
  4 rats
225 creatures vanquished.

Vanquished Creatures (others)
  A hobgoblin (D:4)
1 creature vanquished.

Grand Total: 226 creatures vanquished

Notes
Turn   | Place    | Note
-------+----------+-------------------------------------------
     0 | D:1      | Orlauf the Demonspawn Gladiator began the quest for the
                  | Orb.
     0 | D:1      | Reached XP level 1. HP: 16/16 MP: 1/1
   155 | D:1      | Reached skill level 3 in Axes
   183 | D:1      | Gained mutation: Your touch may inflict minor irresistible
                  | damage on your foes. [demonic ancestry]
   183 | D:1      | Reached XP level 2. HP: 19/22 MP: 2/2
   470 | D:1      | Reached XP level 3. HP: 28/28 MP: 3/3
  1607 | D:3      | Noticed a scorpion
  1612 | D:3      | Killed a scorpion
  1613 | D:3      | Reached skill level 4 in Axes
  1613 | D:3      | Reached XP level 4. HP: 20/35 MP: 4/4
  1851 | D:3      | Found an ornate altar of the Wu Jian Council.
  2396 | D:3      | Found a broken altar of Ashenzari.
  2574 | D:4      | Gained mutation: Spells you cast may paralyse adjacent
                  | enemies. [demonic ancestry]
  2574 | D:4      | Reached XP level 5. HP: 41/41 MP: 5/5
  2651 | D:4      | Noticed an ogre
  2659 | D:4      | Killed an ogre
  2660 | D:4      | Reached skill level 5 in Axes
  2715 | D:4      | Reached XP level 6. HP: 22/48 MP: 6/6
  3257 | D:5      | Entered Level 5 of the Dungeon
  3267 | D:5      | Reached skill level 6 in Axes
  3320 | D:5      | Reached XP level 7. HP: 37/55 MP: 7/7
  3411 | D:5      | Noticed Duvessa
  3411 | D:5      | Noticed Dowan
  3420 | D:5      | Killed Duvessa
  3420 | D:5      | Killed Dowan
  3421 | D:5      | Reached skill level 5 in Fighting
  3517 | D:5      | Reached skill level 7 in Axes
  3559 | D:5      | Found Bukez's Vocational Training.
  3575 | D:5      | Noticed Eustachio
  3596 | D:5      | Killed Eustachio
  3600 | D:5      | Found a hazy altar of Hepliaklqana.
  3619 | D:5      | Noticed a yak
  3619 | D:5      | Noticed a yak
  3619 | D:5      | Noticed a yak
  3619 | D:5      | Noticed a yak
  3620 | D:5      | Noticed a yak
  3620 | D:5      | Noticed a yak
  3630 | D:5      | Killed a yak
  3631 | D:5      | Gained mutation: Spells you cast may paralyse nearby
                  | enemies. [demonic ancestry]
  3631 | D:5      | Reached XP level 8. HP: 31/64 MP: 8/8
  3640 | D:5      | Reached skill level 8 in Axes
  3644 | D:5      | HP: 2/64 [yak (8)]
  3940 | D:5      | Reached skill level 9 in Axes
  4215 | D:5      | Gained mutation: Spells you cast and wands you use may
                  | paralyse nearby enemies. [demonic ancestry]
  4215 | D:5      | Reached XP level 9. HP: 72/72 MP: 9/9
  4582 | D:6      | Noticed Menkaure
  4588 | D:6      | Killed Menkaure
  4612 | D:6      | Found a bloodstained altar of Trog.
  4617 | D:6      | Found a shimmering blue altar of Sif Muna.
  4637 | D:6      | Noticed Blork the orc
  4647 | D:6      | Killed Blork the orc
  4713 | D:6      | Found a staircase to the Ecumenical Temple.
  4729 | Temple   | Entered the Ecumenical Temple
  4947 | D:6      | Noticed Jeremiah
  4956 | D:6      | Killed Jeremiah
  4957 | D:6      | Reached skill level 10 in Axes
  5383 | D:6      | Noticed Grinder
  5391 | D:6      | Killed Grinder
  5590 | D:7      | Found a shimmering altar of Xom.
  5593 | D:7      | Found a sacrificial altar of Ru.
  5633 | D:7      | Found an opulent altar of Gozag.
  5633 | D:7      | Found a burning altar of Makhleb.
  5634 | D:7      | Noticed Maggie
  5697 | D:7      | Reached skill level 1 in Evocations
  5722 | D:7      | Found a flagged portal.
  5786 | Bailey   | Entered a bailey
  6012 | Bailey   | Reached skill level 11 in Axes
  6057 | Bailey   | Gained mutation: Your movements are slightly less
                  | encumbered by armour. (ER -2) [demonic ancestry]
  6057 | Bailey   | Reached XP level 10. HP: 72/82 MP: 10/10
  6124 | Bailey   | Noticed an orc knight
  6142 | Bailey   | Killed an orc knight
  7121 | D:8      | Reached skill level 12 in Axes
  7677 | D:8      | Found a staircase to the Lair.
  7785 | D:8      | Found a blossoming altar of Fedhas.
  8332 | D:9      | Got the Incunabulum of Portals
  8757 | D:10     | Entered Level 10 of the Dungeon
  8763 | D:10     | Reached XP level 11. HP: 78/90 MP: 11/11
  8773 | D:10     | HP: 4/90 [poisoned by a red devil]
  8773 | D:10     | Slain by a hellwing

Illustrated notes

Levels and vault maps discovered:
D:1:      roderic_crossed_star, layout_basic, lexackson_kobold_supper
D:2:      layout_basic
D:3:      layout_basic, mainiacjoe_overflow_alcove_2, jmf_multi_god_temple2
D:4:      layout_cave_pools, serial_rivers, chequers_serial_rivers_small_b,
          chequers_serial_rivers_micro_a, chequers_serial_rivers_large_b,
          chequers_serial_rivers_small_a, chequers_serial_rivers_micro_b,
          chequers_serial_rivers_small_b, minmay_goblin_outpost
D:5:      layout_basic, old_standard_altar, nicolae_shop_vocational,
          uniq_duvessa, uniq_eustachio
D:6:      kb_forest_paths, layout_loops_cross,
          hellmonk_overflow_destroyed_library, minmay_temple_entry_wispy,
          uniq_jeremiah, uniq_blork_the_orc, uniq_grinder, uniq_menkaure
D:7:      layout_rooms, nicolae_overflow_hidden_temple, enter_bailey_7,
          uniq_maggie
D:8:      layout_loops_ring, fedhas_altar_4, hellmonk_lair_entry_icy,
          columned_hall_lemuel
D:9:      layout_basic
D:10:     minmay_cut_squares, layout_irregular_city, yredelemnul_altar_generic,
          serial_shops, nicolae_square_shop, serial_demonic, serial_demonic_f,
          serial_demonic_f, serial_demonic_g, serial_demonic_d
Temple:   hellmonk_temple_rainy

Skill      XL: |  1  2  3  4  5  6  7  8  9 10 |
---------------+-------------------------------+-----
Axes           | 3 4 5 6 7 9 11 12 | 12.4
Fighting       | 3 4 5 7 8 9 |  9.7
Evocations     | 1 4 |  4.9
Throwing       | |  1.7
Dodging        | |  2.6

Action                     |  1- 3 |  4- 6 |  7- 9 | 10-12 || total
---------------------------+-------+-------+-------+-------++-------
  Melee: War axe           |   127 |    96 |   225 |   179 ||   627
         Touch             |    24 |    18 |    43 |    37 ||   122
  Throw: Throwing net      |       |       |     1 |       ||     1
  Evoke: Wand              |       |       |     2 |    11 ||    13
    Use: Scroll            |     4 |     3 |     4 |     4 ||    15
         Potion            |       |       |     2 |     4 ||     6
   Stab: Sleeping          |     2 |       |       |       ||     2
         Paralysed         |       |       |     3 |       ||     3
 Armour: Leather armour    |    53 |     7 |       |       ||    60
         Ring mail         |       |    54 |   116 |       ||   170
         Scale mail        |       |       |    64 |       ||    64
         Plate armour      |       |       |       |   198 ||   198
  Dodge: Dodged            |    59 |    73 |   120 |    56 ||   308
  Block: Other             |       |     9 |    55 |    38 ||   102
         Reflection        |       |       |     9 |       ||     9

Table legend: (Time is in decaauts)
 A = Elapsed time spent in this place.
 B = Non-inter-level travel time spent in this place.
 C = Inter-level travel time spent in this place.
 D = Time resting spent in this place.
 E = Time spent auto-exploring this place.
 F = Levels seen in this place.
 G = Mean time per level.
                   A        B        C        D        E       F      G
               +--------+--------+--------+--------+--------+-----+--------+
         Total |   8832 |   8562 |    270 |    453 |   6425 |  12 |  736.0 |
       Dungeon |   8180 |   7916 |    264 |    453 |   5986 |  10 |  818.0 |
        Temple |     32 |     26 |      6 |      0 |      0 |   1 |   32.0 |
        Bailey |    619 |    619 |      0 |      0 |    438 |   1 |  619.0 |
               +--------+--------+--------+--------+--------+-----+--------+

Top non-repeatable levels by time:
     D:8: 1067 daAuts
     D:3: 1050 daAuts
     D:6: 1046 daAuts
     D:5: 1022 daAuts
     D:4: 941 daAuts
     D:1: 934 daAuts
     D:7: 796 daAuts
     D:9: 677 daAuts
     D:2: 628 daAuts
  Bailey: 619 daAuts
  Temple: 32 daAuts
    D:10: 14 daAuts
